 Dungeon Crawl Stone Soup version 0.17.1-1-g73c8601 (webtiles) character file.

3107 JustSomeDude the Ducker (level 9, -4/68 HPs)
             Began as a Demonspawn Monk on Dec 24, 2015.
             Slain by Edmund
             ... wielding a +4 flail of venom
              (6 damage)
             ... on level 6 of the Dungeon.
             The game lasted 00:34:27 (9683 turns).

JustSomeDude the Ducker (Demonspawn Monk)           Turns: 9683, Time: 00:34:27

Health: -4/68      AC: 14    Str: 18    XL:     9   Next: 60%
Magic:  0/13       EV: 14    Int: 12    God:
Gold:   262        SH:  0    Dex: 20    Spells: 1 memorised, 12 levels left

rFire  + . .     SeeInvis .     j - +1 hand axe
rCold  . . .     Clarity  .     i - +2 scale mail {rPois}
rNeg   . . .     SustAt   .     (no shield)
rPois  +         Gourm    .     C - +2 helmet
rElec  .         Spirit   +     (no cloak)
rCorr  .         Warding  .     (no gloves)
rMut   .         Stasis   .     (no boots)
MR     .....                    A - amulet "Jusog" {Faith Str+5 Dex+3}
Stlth  +.........               (no ring)
                                m - ring of protection from fire

@: lethally poisoned (-4 -> -23), not resistant to hostile enchantments, very
unstealthy
A: yellow scales 1, poison resistance, magic shield, magic regeneration, rot
immunity
a: no special abilities


You were on level 6 of the Dungeon.
You were full.

You visited 2 branches of the dungeon, and saw 9 of its levels.

You collected 262 gold pieces.

Inventory:

Hand Weapons
 j - a +1 hand axe (weapon)
Missiles
 n - 52 stones (quivered)
 E - 9 tomahawks
Armour
 a - a +0 robe
 i - a +2 scale mail of poison resistance (worn)
 t - a cursed +0 chain mail
 C - a +2 helmet (worn)
Jewellery
 m - a ring of protection from fire (left hand)
 s - an uncursed amulet of stasis
 A - the amulet "Jusog" (around neck) {Faith Str+5 Dex+3}
   (You found it on level 4 of the Dungeon)

   [amulet of faith]

   It allows you to gain divine favour quickly.
   It affects your strength (+5).
   It affects your dexterity (+3).
Wands
 h - a wand of invisibility (2)
 o - a wand of random effects (35)
 p - a wand of disintegration (12)
 q - a wand of fire (10)
Scrolls
 c - 2 scrolls of magic mapping
 d - 5 scrolls of identify
 e - 3 scrolls of teleportation
 f - a scroll of recharging
 g - 6 scrolls of remove curse
 k - 2 scrolls of fog {unknown}
 r - a scroll of enchant weapon
 u - a scroll of silence {unknown}
 w - 3 scrolls of torment {unknown}
 B - a scroll of amnesia
Books
 y - a book of Debilitation

   Spells                             Type                      Level
   a - Corona                         Hexes                        1
   b - Slow                           Hexes                        2
   c - Gell's Gravitas                Hexes/Translocation          3
   d - Inner Flame                    Hexes/Fire                   3
   e - Cause Fear                     Hexes                        4
   f - Leda's Liquefaction            Hexes/Earth                  4
 z - a book of Flames

   Spells                             Type                      Level
   a - Flame Tongue                   Conjuration/Fire             1
   b - Throw Flame                    Conjuration/Fire             2
   c - Conjure Flame                  Conjuration/Fire             3
   d - Inner Flame                    Hexes/Fire                   3
   e - Sticky Flame                   Conjuration/Fire             4
   f - Fireball                       Conjuration/Fire             5
 D - a Necronomicon

   Spells                             Type                      Level
   a - Haunt                          Necromancy/Summoning         7
   b - Borgnjor's Revivification      Necromancy                   8
   c - Death's Door                   Charms/Necromancy            8
   d - Necromutation                  Transmutation/Necromancy     8
Comestibles
 b - 3 bread rations
 l - a meat ration
 x - a slice of pizza


   Skills:
 + Level 5.6 Fighting
 + Level 4.6 Axes
 + Level 2.0 Throwing
 + Level 5.9 Armour
 + Level 6.5 Dodging
 + Level 2.8 Stealth
 + Level 4.1 Unarmed Combat
 * Level 3.1 Spellcasting
 * Level 3.3 Hexes
 + Level 0.4 Evocations


You had 12 spell levels left.
You knew the following spells:

 Your Spells              Type           Power        Failure   Level  Hunger
a - Slow                  Hex            #.......     28%         2    ###....


Dungeon Overview and Level Annotations

Branches:
Dungeon (8/15)             Temple (1/1) D:6
   Lair: D:8-11

Altars:
Ashenzari
Dithmenos
Elyvilon
Fedhas
Kikubaaqudgha
Makhleb
Nemelex Xobeh
Okawaru
Qazlal
Ru
Sif Muna
Trog
Vehumet
Xom
Yredelemnul

Shops:
D:4 %

Annotations:
D:6 Edmund


Innate Abilities, Weirdness & Mutations

You are partially covered in yellow scales (AC +2).
When hurt, damage is shared between your health and your magic reserves.
You regenerate magic rapidly.
You are immune to rotting.
Your system is resistant to poisons.


Message History

You hit Edmund but do no damage.
Edmund is severely wounded.
* * * LOW HITPOINT WARNING * * *
You feel very sick. Edmund hits you with a flail of venom.
* * * LOW HITPOINT WARNING * * *
You hit Edmund but do no damage.
Edmund is severely wounded.
* * * LOW HITPOINT WARNING * * *
You feel very sick. Edmund misses you.
You hit Edmund but do no damage.
Edmund is severely wounded.
* * * LOW HITPOINT WARNING * * *
You feel sick.
You hit Edmund.
Edmund is severely wounded.
* * * LOW HITPOINT WARNING * * *
You feel sick. Edmund hits you with a flail of venom!
You die...

#...........#
#............#
#######............#
#...@.......(......#
#.####.##...(......#
#.###...##.[.......#
#.##.....##.(......#
#.#.......#.@......#
#...(._...[.@.....#
###.......#.......#
##.....###......# #
##...####.##...# #
##.## #..# #### ##
#)# #.## ##. #.# #.#
#.. #.####.## #..
#.......###########
##.


You could see Edmund.

Vanquished Creatures
  Pikel (D:6)
  A hippogriff (D:8)
  The ghost of Britaniac the Firebug, an amateur DEFE (D:4)
  An orc warrior (D:6)
  A phantom (D:7)
  2 black bears (D:8)
  A sky beast (D:7)
  An ogre (D:5)
  A centaur (D:6)
  The ghost of Britaniac the Firebug, an amateur DEFE (D:3)
  A giant frog (D:7)
  A gnoll sergeant (D:7)
  A water moccasin skeleton (D:5)
  3 scorpions
  6 killer bees (D:8)
  A wasp zombie (D:6)
  3 crimson imps
  5 orc wizards
  3 giant frog zombies
  A giant frog skeleton (D:5)
  2 jellies
  A centaur skeleton (D:5)
  4 orc priests (D:5)
  2 hounds
  3 iguanas
  Natasha (twice) (D:2)
  4 worker ants
  4 gnolls (D:7)
  A shadow imp (D:6)
  12 adders
  An ooze (D:1)
  An adder zombie (D:5)
  An adder skeleton (D:5)
  6 worms
  5 giant geckos
  16 orcs
  6 bats
  3 giant cockroaches (D:1)
  7 hobgoblins
  2 jackals (D:8)
  A quokka (D:3)
  4 giant newts
  8 goblins
  A jackal skeleton (D:5)
  9 kobolds
  A quokka zombie (D:6)
  6 rats
149 creatures vanquished.

Vanquished Creatures (others)
  3 slaves (D:6)
  A giant frog (D:6)
4 creatures vanquished.

Grand Total: 153 creatures vanquished

Notes
Turn   | Place    | Note
--------------------------------------------------------------
     0 | D:1      | JustSomeDude the Demonspawn Monk began the quest for the Orb.
     0 | D:1      | Reached XP level 1. HP: 18/18 MP: 1/1
   124 | D:1      | Gained mutation: You are immune to rotting. [demonic ancestry]
   124 | D:1      | Reached XP level 2. HP: 20/24 MP: 2/2
   670 | D:1      | Gained mutation: When hurt, damage is shared between your health and your magic reserves. [demonic ancestry]
   670 | D:1      | Reached XP level 3. HP: 29/29 MP: 3/3
   980 | D:2      | Noticed Natasha
   989 | D:2      | Killed Natasha
  1092 | D:2      | Reached skill level 4 in Unarmed Combat
  1360 | D:2      | Reached XP level 4. HP: 20/35 MP: 2/4
  1387 | D:2      | Noticed Natasha
  1397 | D:2      | Killed Natasha
  1397 | D:2      | Reached skill level 1 in Armour
  2212 | D:3      | Noticed Britaniac's ghost (amateur DEFE)
  2236 | D:3      | Killed Britaniac's ghost
  2236 | D:3      | Reached skill level 1 in Axes
  2236 | D:3      | Reached XP level 5. HP: 13/42 MP: 2/5
  3070 | D:4      | Noticed Britaniac's ghost (amateur DEFE)
  3088 | D:4      | Killed Britaniac's ghost
  3088 | D:4      | Gained mutation: You are partially covered in yellow scales (AC +2). [demonic ancestry]
  3088 | D:4      | Reached XP level 6. HP: 20/48 MP: 3/6
  3361 | D:4      | Found a deep blue altar of Sif Muna.
  3363 | D:4      | You fall through a shaft for 2 floors!
  3749 | D:6      | Found a bloodstained altar of Trog.
  3831 | D:6      | Found a staircase to the Ecumenical Temple.
  3837 | Temple   | Entered the Ecumenical Temple
  4314 | D:5      | Entered Level 5 of the Dungeon
  4387 | D:5      | Reached XP level 7. HP: 51/54 MP: 7/7
  4881 | D:4      | Got a slimy zirconium amulet
  5009 | D:4      | Found Garug's Food Shoppe.
  5071 | D:4      | Identified the amulet "Jusog" {Faith Str+5 Dex+3} (You found it on level 4 of the Dungeon)
  5478 | D:5      | Reached skill level 5 in Dodging
  5485 | D:5      | You fall through a shaft for 3 floors!
  5655 | D:8      | Learned a level 2 spell: Slow
  5679 | D:8      | Gained mutation: You regenerate magic rapidly. [demonic ancestry]
  5679 | D:8      | Reached XP level 8. HP: 44/61 MP: 6/8
  5841 | D:7      | Found a sacrificial altar of Ru.
  5841 | D:7      | Found an iron altar of Okawaru.
  5841 | D:7      | Found a shadowy altar of Dithmenos.
  5841 | D:7      | Found a shattered altar of Ashenzari.
  6360 | D:8      | Reached skill level 1 in Spellcasting
  6377 | D:8      | Reached skill level 5 in Fighting
  6377 | D:8      | Reached skill level 1 in Hexes
  7116 | D:8      | Reached skill level 1 in Throwing
  7116 | D:8      | Reached skill level 5 in Armour
  7659 | D:7      | Reached skill level 6 in Dodging
  7659 | D:7      | Reached XP level 9. HP: 50/68 MP: 9/12
  7773 | D:7      | Found a white marble altar of Elyvilon.
  8199 | D:6      | Noticed Pikel
  8201 | D:6      | Found an ancient bone altar of Kikubaaqudgha.
  8230 | D:6      | Killed Pikel
  8279 | D:6      | Noticed Edmund
  8309 | D:6      | Gained mutation: Your system is resistant to poisons. [potion of beneficial mutation]
  9233 | D:5      | Found a stormy altar of Qazlal.
  9683 | D:6      | HP: 2/68 [poisoned by Edmund]
  9683 | D:6      | Slain by Edmund

Action                   |  1- 3 |  4- 6 |  7- 9 || total
-------------------------+-------+-------+-------++-------
Melee: Unarmed           |    18 |       |       ||    18
       Hand axe          |    70 |   278 |   695 ||  1043
Throw: Stone             |       |       |    47 ||    47
       Tomahawk          |       |       |    18 ||    18
 Cast: Slow              |       |       |     3 ||     3
Evoke: Wand              |       |       |     1 ||     1
  Use: Scroll            |     7 |     6 |     7 ||    20
       Potion            |     3 |     6 |     6 ||    15
 Stab: Invisible         |       |       |     7 ||     7
       Sleeping          |       |       |     2 ||     2
  Eat: Chunk             |     1 |       |       ||     1
       Meat ration       |       |     2 |     2 ||     4
       Pizza             |       |     1 |       ||     1
       Royal jelly       |       |     1 |       ||     1
       Beef jerky        |       |       |     2 ||     2
       Bread ration      |       |       |     2 ||     2
